 Seeded DCSS version 0.26-a0-651-gb411850 (webtiles) character file.

Game seed: 3634812971090137986 (custom seed)

226 Illumine the Covert (level 5, -3/30 HPs)
             Began as a Vampire Brigand on Sept 27, 2020.
             Killed by divine providence
             ... invoked by an orc priest
              (16 damage)
             ... on level 4 of the Dungeon on Sept 28, 2020.
             The game lasted 00:08:56 (3077 turns).

Illumine the Covert (Vampire Brigand)               Turns: 3077, Time: 00:08:56

Health: -3/30      AC:  0    Str:  8 (10) XL:     5   Next: 69%
Magic:  3/5        EV: 19    Int: 13 (15) God:
Gold:   119        SH:  0    Dex: 18 (20) Spells: 2/5 levels left

rFire    . . .     SeeInvis +   (weapon currently unavailable)
rCold    + + .     Faith    .   (shield currently unavailable)
rNeg     + + +     Spirit   .   (armour currently unavailable)
rPois    ∞         Reflect  .   (helmet currently unavailable)
rElec    .         Harm     .   (cloak currently unavailable)
rCorr    .         Rampage  .   (gloves currently unavailable)
MR       .....                  (boots currently unavailable)
Stlth    ++++++....             (no amulet)
HPRegen  0.00/turn              (ring currently unavailable)
MPRegen  0.09/turn              (ring currently unavailable)

@: bat-form, flying, bloodless, slowed, quick
A: tiny, fangs 3, see invisible
a: Revivify, End Transformation


You were on level 4 of the Dungeon.
You were in vampire-bat-form.
You visited 1 branch of the dungeon, and saw 4 of its levels.

You collected 119 gold pieces.

Inventory:

Hand Weapons
 a - a +2 dagger (melded)
 b - a +0 short sword of venom
Missiles
 d - 18 poisoned darts (quivered)
 e - 2 curare-tipped darts
 f - 64 sling bullets
 l - 8 atropa-tipped darts
Armour
 c - a +0 cloak (melded)
 k - a +0 robe (melded)
 s - a +2 helmet (melded)
Jewellery
 v - an uncursed ring of magical power {unknown}
Scrolls
 i - a scroll of immolation {unknown}
 m - 2 scrolls of identify
 n - a scroll of fear {unknown}
 p - a scroll of amnesia {unknown}
Potions
 g - 2 potions of curing
 h - 2 potions of stabbing {unknown}
 j - a potion of invisibility {unknown}
 o - 2 potions of haste {unknown}
 q - a potion of degeneration {unknown}
 r - a potion of might {unknown}
 t - a potion of lignification {unknown}
 u - a potion of flight {unknown}
 w - a potion of mutation {unknown}
 x - a potion of brilliance {unknown}


   Skills:
 + Level 2.0 Fighting
 + Level 4.5 Short Blades
 - Level 1.5 Throwing
 + Level 1.4 Dodging
 + Level 8.2 Stealth
 + Level 0.6 Spellcasting
 + Level 0.6 Air Magic
 + Level 0.6 Poison Magic


You had 2 spell levels left.
You knew the following spells:

 Your Spells              Type           Power        Failure   Level
a - Mephitic Cloud        Conj/Pois/Air  #.......     58%         3

Your spell library contained the following spells:

 Spells                   Type           Power        Failure   Level
 Magic Dart               Conj           #...         30%         1
 Blink                    Tloc           N/A          41%         2
 Call Imp                 Summ           #.......     41%         2
 Slow                     Hex            #.......     41%         2
 Conjure Flame            Conj/Fire      #.......     65%         3


Dungeon Overview and Level Annotations

Branches:
Dungeon (4/15)
 Temple: D:4-7

Altars:


Innate Abilities, Weirdness & Mutations

You do not regenerate when monsters are visible.
You are frail without blood (-20% HP).
You can heal yourself when you bite living creatures.
You are immune to poison.
You have razor-sharp teeth.
You have supernaturally acute eyesight. (SInv)
((You can survive without breathing.))


Message History

The orc priest miscasts a cantrip.
The orc wizard gestures at you while chanting.
The magic dart hits you.
There is an open door here.
There is a stone staircase leading down here.
The orc wizard casts a spell.
The orc wizard blinks!
The orc hits you.
The orc priest calls upon Beogh to heal something.
The orc barely misses you.
The orc wizard casts a spell.
The orc wizard blinks!
You turn into a vampire bat.
Your +2 dagger melds into your body.
Your +0 cloak melds into your body.
Your +2 helmet melds into your body.
Your +0 robe melds into your body.
You feel weakened.
You feel dopey.
You feel clumsy. The orc misses you. x2
The orc priest mumbles some strange prayers to Beogh against you.
Beogh smites you!
Ouch! That really hurt!
You die...

#.........)#
#..<.......# #
######..........####)#
+....'...†.(.........#.#
######.........#.......#
#####...).#.##+##..
#.....#.# # #.....#.#
..# #######b# ..#
#######o##+##..#
.......o.......#
......##oo#....#
......+........# .....
###......# .....
##.#####.# ....
#.>......# ....
##..######.


You could see an orc priest, an orc wizard and 2 orcs.

Vanquished Creatures
  Blork the orc (D:4)
  8 adders
  A shadow imp (D:2)
  6 worms
  3 dart slugs
  A leopard gecko (D:1)
  6 bats
  2 giant cockroaches
  8 goblins
  4 hobgoblins
  4 jackals (D:2)
  A quokka (D:2)
  4 ball pythons
  A frilled lizard (D:2)
  12 kobolds
  7 rats
69 creatures vanquished.

Vanquished Creatures (others)
  30 plants
30 creatures vanquished.

Grand Total: 99 creatures vanquished

Notes
Turn   | Place    | Note
-------+----------+-------------------------------------------
     0 | D:1      | Illumine the Vampire Brigand began the quest for the Orb.
     0 | D:1      | Reached XP level 1. HP: 16/16 MP: 1/1
   119 | D:1      | Reached skill level 6 in Stealth
   196 | D:1      | Reached XP level 2. HP: 22/22 MP: 2/2
   706 | D:2      | Reached XP level 3. HP: 27/27 MP: 3/3
   961 | D:2      | Reached skill level 7 in Stealth
  1051 | D:2      | HP: 1/27 [poisoned by an adder]
  1292 | D:2      | Reached XP level 4. HP: 17/26 MP: 4/4
  2212 | D:3      | Reached skill level 8 in Stealth
  2299 | D:3      | Learned a level 3 spell: Mephitic Cloud
  2364 | D:3      | Reached XP level 5. HP: 23/30 MP: 5/5
  2775 | D:4      | Noticed Blork the orc
  2799 | D:4      | Killed Blork the orc
  3077 | D:4      | Killed from afar by an orc priest

Illustrated notes

Levels and vault maps discovered:
D:1:      psy_arrival_fountain, layout_loops_cross, minivault_26,
          kennysheep_boxes
D:2:      layout_rooms
D:3:      layout_rooms
D:4:      wad_woods_stonehenge, layout_basic, minmay_misc_feat_room,
          kennysheep_generic_room_13, uniq_blork_the_orc

Skill      XL: |  1  2  3  4  5 |
---------------+----------------+-----
Stealth        | 6 7 8 |  8.2
Short Blades   | 3 4 |  4.5
Fighting       | 2 |  2.0
Throwing       | |  1.5
Dodging        | |  1.4
Spellcasting   | |  0.6
Air Magic      | |  0.6
Poison Magic   | |  0.6

Action                   |  1- 3 |  4- 6 || total
-------------------------+-------+-------++-------
Melee: Dagger            |   100 |    27 ||   127
       Bite              |     7 |     6 ||    13
       Short sword       |       |    75 ||    75
Throw: Dart              |    15 |    18 ||    33
 Abil: Exsanguinate      |     1 |       ||     1
       Bat Form          |       |     1 ||     1
  Use: Scroll            |     2 |       ||     2
 Stab: Sleeping          |    14 |     6 ||    20
Armor: Robe              |     9 |    33 ||    42
Dodge: Dodged            |    40 |    67 ||   107

Table legend: (Time is in decaauts)
 A = Elapsed time spent in this place.
 B = Non-inter-level travel time spent in this place.
 C = Inter-level travel time spent in this place.
 D = Time resting spent in this place.
 E = Time spent auto-exploring this place.
 F = Levels seen in this place.
 G = Mean time per level.
                   A        B        C        D        E       F      G
               +--------+--------+--------+--------+--------+-----+--------+
         Total |   3049 |   2973 |     76 |   1206 |   1087 |   4 |  762.2 |
       Dungeon |   3049 |   2973 |     76 |   1206 |   1087 |   4 |  762.2 |
               +--------+--------+--------+--------+--------+-----+--------+

Top non-repeatable levels by time:
     D:2: 1260 daAuts
     D:1: 753 daAuts
     D:3: 718 daAuts
     D:4: 317 daAuts
